 Dungeon Sprint DCSS version 0.31-a0-638-g26219f789d (webtiles) character file.

Game seed: 10683456607470212425

7 Conn the Firebug (level 2, -7/17 HPs)
             Began as an Octopode Fire Elementalist on Aug 26, 2023.
             Mangled by a water moccasin (9 damage)
             ... in the Dungeon (Sprint II: "The Violet Keep of Menkaure").
             The game lasted 00:00:25 (33 turns).

Conn the Firebug (Octopode Fire Elementalist)         Turns: 33, Time: 00:00:27

Health: -7/17      AC:  1    Str:  7    XL:     2   Next: 0%
Magic:  2/5        EV: 13    Int: 17    God:
Gold:   243        SH:  0    Dex: 12    Spells: 4/5 levels left

rFire   . . .        (no weapon)
rCold   . . .        (no shield)
rNeg    . . .        (helmet restricted)
rPois   .            (no amulet)
rElec   .            (no ring)
rCorr   .            (no ring)
SInv    .            (no ring)
Will    .....        (no ring)
Stlth   ++++         (no ring)
HPRegen 0.22/turn    (no ring)
MPRegen 0.09/turn    (no ring)
                     (no ring)

%: no teleportation
@: lethally poisoned (-7 -> -15), on berserk cooldown
A: almost no armour, amphibious, 8 rings, camouflage 1, gelatinous body 1,
nimble swimmer 1, tentacles
a: no special abilities


You were in the Dungeon.
You visited 1 branch You collected 243 gold pieces.

Inventory:

Scrolls
 f - a scroll of blinking
Potions
 a - 3 potions of magic
 c - a potion of heal wounds
 d - a potion of haste


   Skills:
 + Level 2.3 Dodging
 + Level 3.0 Stealth
 + Level 0.2 Unarmed Combat
 + Level 2.4 Spellcasting
 + Level 1.1 Conjurations
 + Level 4.1 Fire Magic


You had 4 spell levels left.
You knew the following spells:

 Your Spells              Type           Power      Damage    Failure   Level
a - Foxfire               Conj/Fire      44%        2x1d6     6%          1

Your spell library contained the following spells:

 Spells                   Type           Power      Damage    Failure   Level
 Scorch                   Fire           32%        2d6       5%          2
 Inner Flame              Hex/Fire       9%         N/A       24%         3
 Volatile Blastmotes      Fire/Tloc      18%        2d11      24%         3
 Flame Wave               Conj/Fire      11%        2d6       52%         4


Dungeon Overview and Level Annotations

Branches:
Dungeon (1/1)

Altars:

Shops:
D ?(![[**==:


Innate Abilities, Weirdness & Mutations

You cannot wear most types of armour.
You are amphibious.
You can wear up to eight rings at the same time.
Your skin changes colour to match your surroundings (Stealth+).
Your rubbery body absorbs attacks. (AC +1, EV +1)
You are camouflaged when in or above water. (Stealth+)
You have tentacles for arms and can constrict up to eight enemies at once.


Message History

You constrict the worm. You tentacle-slap the worm.
You kill the worm!
Your Stealth skill increases to level 3!
Your Fire Magic skill increases to level 4!
You have reached level 2!
There is an open door here.
You feel a strong urge to attack something.
You now have 243 gold pieces.
You are no longer berserk.
You are exhausted.
You feel yourself slow down.
You open the door.
Found six shops.
A worm comes into view.
Found Jinwao's Antique Armour Shoppe and Pidely Qioqu's Distillery.
There is an open door here.
You enter the shallow water.
Found Tiacait's Antique Weapon Shoppe and Xolisism's Magic Scroll Emporium.
Unknown command.
A water moccasin comes into view.
The water moccasin hisses angrily.
The water moccasin bites you!
* * * LOW HITPOINT WARNING * * *
You are lethally poisoned!
The water moccasin poisons you!
You feel better.
The flying skull gives a hideous shriek! x2
You hear a hideous shriek!
The water moccasin barely misses you. The water moccasin bites you.
You are lethally poisoned!
The water moccasin poisons you!
You hear a hideous shriek! x2
You feel yourself speed up.
* * * LOW HITPOINT WARNING * * *
You feel very sick.
You hear a hideous shriek! x3
The water moccasin bites you!
Ouch! That really hurt!
You die...

∩...∩.#~#.####.##
......+~'##.'†<.+
......#~#...##.##
▓▓▓▓###~##.###+#
G######~~###
##~~~# #+#~## ~
#~~##+##~~~≈
##~@S~~~~~~§
#+++#+++#§§


.zz z○... ≈z....+ z.°..## z...## +#### You could see a water moccasin and 2
flying skulls.

Vanquished Creatures
  2 worms (D)
2 creatures vanquished.

Vanquished Creatures (others)
  Menkaure (D)
  3 foxfires (D)
4 creatures vanquished.

Grand Total: 6 creatures vanquished

Notes
Turn   | Place    | Note
-------+----------+-------------------------------------------
     0 | D        | Conn the Octopode Fire Elementalist began the quest for the
                  | Orb.
     0 | D        | Reached XP level 1. HP: 11/11 MP: 3/3
    16 | D        | Reached skill level 4 in Fire Magic
    16 | D        | Reached XP level 2. HP: 11/17 MP: 0/5
    21 | D        | Found Somperir's Jewellery Shoppe.
    21 | D        | Found Huf Baoj's Book Shoppe.
    21 | D        | Found Baoth's Assorted Antiques.
    21 | D        | Found Zaamm's Jewellery Emporium.
    21 | D        | Found Baeniack's Antique Armour Shoppe.
    21 | D        | Found Gaatie's Assorted Antiques.
    22 | D        | Found Jinwao's Antique Armour Shoppe.
    22 | D        | Found Pidely Qioqu's Distillery.
    23 | D        | Found Tiacait's Antique Weapon Shoppe.
    23 | D        | Found Xolisism's Magic Scroll Emporium.
    23 | D        | Noticed a shining eye
    24 | D        | Killed Menkaure
    29 | D        | Noticed a flying skull
    30 | D        | Noticed a water moccasin
    31 | D        | Noticed a flying skull
    31 | D        | Noticed a flying skull
    31 | D        | Noticed a flying skull
    32 | D        | Noticed a flying skull
    32 | D        | Noticed a flying skull
    32 | D        | Noticed a flying skull
    33 | D        | Mangled by a water moccasin

Illustrated notes

Levels and vault maps discovered:
D:        the_violet_keep_of_menkaure [sprint2_stairs_cluster_1,
          sprint2_shoproom, sprint2_temple, sprint2_basic_supplies,
          sprint2_obstacle_1, sprint2_obstacle_5, sprint2_obstacle_4,
          sprint2_obstacle_2, sprint2_obstacle_7, sprint2_timed_cluster_1,
          sprint2_smallroom_cluster_1, sprint2_smallroom_final_cluster_1,
          sprint2_transparent_cluster_1, sprint2_second_timed_cluster_1,
          sprint2_sniper_area_1, sprint2_heavy_combat_area_1,
          sprint2_mutation_trap_area_1, sprint2_forest_area_1,
          sprint2_light_combat_area_1, sprint2_behind_water_1,
          sprint2_near_end_vault_1]

Skill      XL: |  1 |
---------------+----+-----
Stealth        | 3 |  3.0
Fire Magic     | 4 |  4.1
Dodging        | |  2.3
Unarmed Combat | |  0.2
Spellcasting   | |  2.4
Conjurations   | |  1.1

Action                     || total
---------------------------++-------
  Melee: Unarmed           ||     6
         Constrict         ||     2
         Tentacles         ||     1
   Cast: Foxfire           ||     2
    Use: Potion            ||     2
  Dodge: Dodged            ||     3

Table legend: (Time is in decaauts)
 A = Elapsed time spent in this place.
 B = Non-inter-level travel time spent in this place.
 C = Inter-level travel time spent in this place.
 D = Time resting spent in this place.
 E = Time spent auto-exploring this place.
 F = Levels seen in this place.
 G = Mean time per level.
                   A        B        C        D        E       F      G
               +--------+--------+--------+--------+--------+-----+--------+
         Total |     35 |     35 |      0 |      0 |      0 |   1 |   35.0 |
       Dungeon |     35 |     35 |      0 |      0 |      0 |   1 |   35.0 |
               +--------+--------+--------+--------+--------+-----+--------+

Top non-repeatable levels by time:
       D: 35 daAuts
